[Event "Early-Titled-Tuesday-Blitz-June-18-2024"]
[Site "Chess.com"]
[Date "2024.06.18"]
[Round "2"]
[White "Nicolik"]
[Black "Zhigalko_Sergei"]
[Result "0-1"]
[WhiteElo "2653"]
[BlackElo "3007"]
[TimeControl "180+1"]
[EndTime "8:18:56 PDT"]
[Termination "Zhigalko_Sergei won by resignation"]

1. d4 Nf6 2. Nc3 d5 3. Bf4 a6 4. e3 e6 5. g4 Bb4 6. Ne2 O-O 7. a3 Bd6 8. g5 Nfd7 9. Ng1 Bxf4 10.
exf4 c5 11. Nf3 Nc6 12. Qd2 b5 13. h4 Qb6 14. Rd1 Bb7 15. Be2 Rac8 16. O-O b4 17.
Na4 Qa5 18. Nxc5 Nxc5 19. axb4 Qxb4 20. dxc5 Qxc5 21. c3 d4 22. Nxd4 Nxd4 23. Qxd4 Qf5 24. Qe3 Rfe8 25. Rd7 Bc6 26. Ra7 e5 27. fxe5 Rxe5 28.
Qd3 Qf4 29. Bh5 g6 30. Qg3 Qe4 31. f3 Qe3+ 32. Qf2 gxh5 33. Qxe3 Rxe3 34. Rd1 Rxf3 35. Rd6 Bb5 36. Kg2 Rf4 37. b4 Rg4+ 38. Kh3 Rxc3+ 39.
Kh2 Rxh4+ 40. Kg2 Rg4+ 41. Kf2 Rxg5 42. Rf6 Bc4 43. b5 axb5 44. Rc7 Kg7 45. Rfxf7+ Bxf7 46. Rxc3 b4 47. Rc7 Rf5+ 48. Kg3 Rb5 49. Rc5 Rxc5 0-1

[Event "Early-Titled-Tuesday-Blitz-June-18-2024"]
[Site "Chess.com"]
[Date "2024.06.18"]
[Round "2"]
[White "Mackster23"]
[Black "Tol_Tol"]
[Result "1-0"]
[WhiteElo "2731"]
[BlackElo "2366"]
[TimeControl "180+1"]
[EndTime "8:18:56 PDT"]
[Termination "Mackster23 won on time"]

1. e4 c5 2. Nf3 Nc6 3. d4 cxd4 4. Nxd4 Nf6 5. Nc3 e5 6. Ndb5 d6 7. Bg5 a6 8. Na3 b5 9. Nab1 Be6 10. a4 b4 11. Nd5 Bxd5 12. exd5 Nd4 13. Bd3 Be7 14.
Bxf6 Bxf6 15. c3 bxc3 16. bxc3 Qa5 17. O-O Nb5 18. Qc2 Nc7 19. Be4 g6 20. Nd2 O-O 21. Rfb1 Nxd5 22. Qd3 Nf4 23. Qxd6 Rad8 24. Qxf6 Rxd2 25.
h4 Qc5 26. Rf1 Ne2+ 27. Kh2 Nxc3 28. Bf3 e4 29. Bg4 Nd5 30. Qe5 f5 31. Bd1 Qc7 32.
Qxc7 Nxc7 33. Bb3+ Kg7 34. Rac1 Rd7 35. Rc6 a5 36.
Rfc1 Nd5 37. R1c5 Nf4 38. Rb5 Rd2 39. Kg3 Nh5+ 40. Kh2 Rxf2 41. Rb7+ Kh6 42. Rcc7 Rh8 43.
Bg8 Nf6 44. Be6 Ng4+ 45. Kg3 e3 46. Bc4 1-0

[Event "Early-Titled-Tuesday-Blitz-June-18-2024"]
[Site "Chess.com"]
[Date "2024.06.18"]
[Round "2"]
[White "Artyom_ChessMate"]
[Black "yonaltimur"]
[Result "1-0"]
[WhiteElo "2540"]
[BlackElo "2336"]
[TimeControl "180+1"]
[EndTime "8:18:57 PDT"]
[Termination "Artyom_ChessMate won on time"]

1. e4 c5 2. Nc3 Nc6 3. Bb5 Nd4 4.
Nf3 a6 5. Bd3 e6 6. O-O Nxf3+ 7.
Qxf3 d6 8. b3 Nf6 9. Bb2 Be7 10.
Rae1 O-O 11. e5 dxe5 12. Rxe5 Qc7 13. Rg5 g6 14. h4 Bd7 15. h5 Bc6 16. Qh3 Qf4 17.
hxg6 hxg6 18. Rg3 Kg7 19. Ne2 Qd6 20. Qg4 Rh8 21. Bxg6 Kf8 22. Bxf6 Bxf6 23. Be4 Ke7 24. Bxc6 Qxc6 25. Nf4 Qd6 26. Re1 Rag8 27. Qf3 Rxg3 28. Qxg3 Qxd2 29. Qe3 Qxe3 30. Rxe3 Bd4 31. Rd3 Rd8 32.
Kf1 b5 33. Ne2 Bf6 34. Rxd8 Kxd8 35. Ke1 Ke7 36. Kd2 Kd6 37. Kd3 Be5 38. f4 Bg7 39. c4 b4 40. Ng3 Kc6 41. Ne4 Bd4 42. Ng5 f6 43. Nxe6 Bc3 44. Nf8 Kd6 45. Ke4 1-0

[Event "Early-Titled-Tuesday-Blitz-June-18-2024"]
[Site "Chess.com"]
[Date "2024.06.18"]
[Round "2"]
[White "tomesao"]
[Black "ferrufino64"]
[Result "1-0"]
[WhiteElo "2521"]
[BlackElo "2299"]
[TimeControl "180+1"]
[EndTime "8:18:57 PDT"]
[Termination "tomesao won by resignation"]

1. Nf3 d5 2. c4 e6 3. e3 Nf6 4.
b3 Bd6 5. Nc3 Nbd7 6. Bb2 Qe7 7.
Rc1 c6 8. d4 O-O 9. Bd3 dxc4 10. bxc4 e5 11. dxe5 Nxe5 12. Be2 Rd8 13. Qc2 Bg4 14.
Nxe5 Bxe5 15. Bxg4 Nxg4 16. h3 Qh4 17. O-O Rd7 18. Ne4 Bxb2 19. Qxb2 Nxe3 20. Nf6+ Qxf6 21. Qxf6 gxf6 22. fxe3 Re8 23. Rc3 Re6 24. a3 Kf8 25. Kf2 Rd2+ 26. Kf3 Ke7 27. c5 Rb2 28. Rd1 Re5 29. Rd4 h5 30. Rcd3 Rb5 31. Rd7+ Kf8 32. Rc7 Rbxc5 33. Rdd7 Rf5+ 34. Ke2 Rc2+ 35. Kd3 Rxg2 36.
Rxf7+ Ke8 37. Rxb7 a5 38. Rh7 Rd5+ 39. Ke4 Rg8 40.
Rbe7+ Kd8 41. Ra7 Ke8 42. Kf4 Rd1 43. Kf5 Rd5+ 44. Ke6 Re5+ 45. Kxf6 Rd5 46. e4 Rd6+ 47. Ke5 Rd1 48. Rhe7+ Kd8 49. Rh7 Ke8 50. Rxh5 Rd7 51. Ra8+ Rd8 52. Rxd8+ Kxd8 53. Kd6 Rg6+ 54. Kc5 Re6 55.
e5 Kc7 56. h4 Kd7 57. Rg5 Ke7 58. h5 Kf7 59. Rf5+ Kg7 60. a4 Kh7 61. Kb6 Kh6 62. Rf6+ Rxf6 63. exf6 Kh7 64. Kxc6 1-0

[Event "Early-Titled-Tuesday-Blitz-June-18-2024"]
[Site "Chess.com"]
[Date "2024.06.18"]
[Round "2"]
[White "JiaHaoxiang"]
[Black "vugarrasulov"]
[Result "0-1"]
[WhiteElo "2648"]
[BlackElo "2981"]
[TimeControl "180+1"]
[EndTime "8:18:58 PDT"]
[Termination "vugarrasulov won by resignation"]

1. d4 Nf6 2. Nf3 g6 3. g3 Bg7 4.
Bg2 b5 5. a4 b4 6. c4 Bb7 7. b3 O-O 8. Bb2 d6 9. Nbd2 Nbd7 10.
O-O a5 11. d5 c6 12. dxc6 Bxc6 13. Qc2 Nc5 14. Rad1 Qb6 15. Nd4 Bxg2 16. Kxg2 Qb7+ 17. N2f3 Rac8 18. Nb5 Rfd8 19. Kg1 Qe4 20. Qxe4 Nfxe4 21. Bxg7 Kxg7 22. Rb1 d5 23. cxd5 Rxd5 24. Rfc1 Rcd8 25. Rc4 f5 26. Kg2 Kf6 27. e3 Rd1 28. Rxd1 Rxd1 29.
Nbd4 Rb1 30. Nd2 Rb2 31. Nxe4+ Nxe4 32. Nc6 Rxf2+ 33. Kg1 Rb2 34. Nxa5 Nd2 35. Rxb4 Nf3+ 36. Kf1 Nxh2+ 37. Ke1 Nf3+ 38. Kd1 h5 39. Nc4 Ra2 40. Rb5 g5 41. a5 h4 42. gxh4 gxh4 43. Rb8 h3 44.
Rh8 h2 45. b4 Kg5 46. Rh3 Ra4 47. Nd2 Ra1+ 48. Kc2 Ra2+ 49. Kc3 Nxd2 50. b5 Rxa5 51. Rxh2 Rxb5 52. Rxd2 Kg4 53. Rd7 e5 54. Rf7 e4 55.
Kd2 Kf3 56. Rf8 Rd5+ 57. Ke1 Kxe3 58. Rxf5 Rxf5 0-1

[Event "Early-Titled-Tuesday-Blitz-June-18-2024"]
[Site "Chess.com"]
[Date "2024.06.18"]
[Round "2"]
[White "IMJonathanCarlstedt"]
[Black "luckyswitchback"]
[Result "0-1"]
[WhiteElo "2583"]
[BlackElo "2837"]
[TimeControl "180+1"]
[EndTime "8:18:58 PDT"]
[Termination "luckyswitchback won on time"]

1. c4 e6 2. g3 d5 3. Nf3 Nf6 4. Bg2 d4 5. e3 c5 6. exd4 cxd4 7. d3 Nc6 8. O-O h6 9. a3 a5 10. Re1 Bd6 11. Bf4 Bxf4 12. gxf4 O-O 13. Ne5 Qc7 14. Nd2 Bd7 15. Ndf3 Rad8 16. Rb1 Nh5 17. Nxd7 Rxd7 18. Ne5 Nxe5 19. fxe5 Nf4 20. Qf3 Ng6 21. Qg3 Ra8 22. f4 Ne7 23. Be4 a4 24. Kf2 Rb8 25. Rg1 g6 26.
Rgc1 Qa5 27. Ke2 b5 28. Qe1 Qa7 29. c5 Rc7 30. Qb4 Nc6 31. Bxc6 Rxc6 32. Rc2 Qd7 33. Kf2 Qd5 34. b3 axb3 35. Rxb3 Rbc8 36. Qxb5 Rxc5 37.
Rxc5 Rxc5 38. Qe8+ Kg7 39. Rb2 Qh1 40. Qe7 Qxh2+ 41.
Kf3 Qh3+ 42. Kf2 Qh2+ 43. Kf3 Qxb2 44. Qxc5 Qa1 45. Qe7 Qh1+ 46. Kg3 Qe1+ 47. Kf3 Qe3+ 0-1

[Event "Early-Titled-Tuesday-Blitz-June-18-2024"]
[Site "Chess.com"]
[Date "2024.06.18"]
[Round "2"]
[White "juancruzarias"]
[Black "Giantgoogachess"]
[Result "0-1"]
[WhiteElo "2647"]
[BlackElo "2428"]
[TimeControl "180+1"]
[EndTime "8:18:58 PDT"]
[Termination "Giantgoogachess won by checkmate"]

1. d4 Nf6 2. c4 g6 3. g3 Bg7 4. Bg2 O-O 5. Nc3 d6 6. e3 Nc6 7. Nge2 e5 8. O-O Bg4 9. h3 Bd7 10. b3 Re8 11. Bb2 e4 12. Nf4 h5 13. f3 Bf5 14. g4 exf3 15. Bxf3 hxg4 16. hxg4 Nxg4 17. Bxg4 Qg5 18. Ng2 Bxg4 19. Qc2 Bh3 20. Nd5 Rac8 21. Rf2 f5 22. Nf4 Rxe3 23. d5 Nd4 24. Qd2 Nf3+ 25.
Rxf3 Rxf3 26. Rd1 Bxb2 27. Nxh3 Qxd2 28. Rxd2 Rxh3 29. Rxb2 Rg3 30. Kf2 Rg4 31. Kf3 Re8 32. Nf4 Kf7 33. Ne6 Rxe6 34. dxe6+ Kxe6 35. Rh2 Kd7 36. Rh7+ Kc6 37. Rg7 a5 38. Ke3 b6 39. Kd3 Kb7 40.
Kc3 g5 41. Rf7 f4 42. Rf5 Rg3+ 43. Kd4 f3 44. a3 g4 45. b4 axb4 46. axb4 Rg1 47.
Ke3 Re1+ 48. Kd2 Re4 49. c5 Rxb4 50. cxd6 cxd6 51. Rg5 Kc6 52. Ke3 d5 53. Rg8 Re4+ 54.
Kf2 b5 55. Rc8+ Kb6 56. Rc1 b4 57. Rc8 Kb5 58. Rd8 Kc4 59. Rb8 b3 60. Rc8+ Kd3 61. Rb8 Kc2 62. Rc8+ Kb2 63. Rd8 Re2+ 64. Kf1 Rd2 65. Rg8 Rd4 66. Rb8 Kc2 67. Rc8+ Kb1 68. Kf2 b2 69. Ke3 Rc4 70. Rh8 Kc1 71. Rh1+ Kc2 72.
Rh2+ Kb3 73. Rh1 Rc1 74. Rh8 b1=Q 75. Kf2 Rf1+ 76. Kg3 Qe1+ 77. Kf4 Qe4+ 78. Kg5 Qe5+ 79. Kg6 Qxh8 80. Kf5 g3 81. Kf4 g2 82. Kf5 f2 83.
Ke6 g1=Q 84. Kd6 Qg6+ 85. Kc5 Qc3+ 86. Kb5 Qc4+ 87. Ka5 Qga6# 0-1

[Event "Early-Titled-Tuesday-Blitz-June-18-2024"]
[Site "Chess.com"]
[Date "2024.06.18"]
[Round "2"]
[White "Payyappat"]
[Black "JanMur7"]
[Result "0-1"]
[WhiteElo "2480"]
[BlackElo "2249"]
[TimeControl "180+1"]
[EndTime "8:19:00 PDT"]
[Termination "JanMur7 won by checkmate"]

1. e4 g6 2. d4 Bg7 3. Nc3 c5 4. Nf3 cxd4 5. Nxd4 Nc6 6. Be3 Nf6 7. f4 Qa5 8. Bd3 d5 9. e5 Ng4 10.
Bg1 Nxd4 11. Bxd4 O-O 12. O-O Nh6 13. Qf3 Nf5 14. Bxf5 Bxf5 15. Qxd5 Qb4 16. Bc5 Qxb2 17. Qb3 Qxc2 18. Qxc2 Bxc2 19. Nd5 Rfe8 20. Rac1 Bd3 21. Rfd1 Be4 22. Nxe7+ Kh8 23. Rd4 Bf8 24. Rxe4 Bxe7 25. Bd4 Kg8 26. e6 fxe6 27. Rc7 Bf8 28. Rxb7 a5 29. h4 Rab8 30. Ra7 Rb1+ 31. Kh2 Rb4 32. Rxa5 Rd8 33. Rxe6 Rbxd4 34. h5 Kf7 35. hxg6+ Kxe6 36. gxh7 Bg7 37. Rg5 Kf6 38. Ra5 R4d5 39. Ra6+ R8d6 40. Ra7 Rh5+ 41. Kg3 Rxh7 42. Kf3 Rh5 43. g4 Rhd5 44.
g5+ Kg6 45. Kg4 Rd4 46. Ra5 Rb4 47. a4 Rdd4 48. Ra6+ Kh7 49. Kh5 Rxf4 50. g6+ Kg8 51. Ra8+ Rf8 52. Ra7 Rbf4 53. Kg5 R8f5# 0-1

[Event "Early-Titled-Tuesday-Blitz-June-18-2024"]
[Site "Chess.com"]
[Date "2024.06.18"]
[Round "2"]
[White "Sadykov_Ramil"]
[Black "artin10862"]
[Result "0-1"]
[WhiteElo "2629"]
[BlackElo "2930"]
[TimeControl "180+1"]
[EndTime "8:19:01 PDT"]
[Termination "artin10862 won on time"]

1. e4 Nc6 2. Nf3 e5 3. Nc3 Nf6 4. Bb5 Nd4 5. Nxd4 exd4 6. e5 dxc3 7. exf6 Qxf6 8. dxc3 Bc5 9. Qe2+ Qe6 10. Bc4 Qxe2+ 11.
Kxe2 O-O 12. Re1 c6 13. Be3 Bb6 14. Bxb6 axb6 15. a3 d5 16. Bd3 Be6 17. Kd2 b5 18. Re5 g6 19. Rae1 Kg7 20. f4 Kf6 21. h3 h5 22. h4 Ra4 23. g3 d4 24. R5e4 Rd8 25.
Rxd4 Raxd4 26. cxd4 Rxd4 27. Ke3 Rd7 28. c3 Bf5 29.
Be2 Bg4 30. Bd3 Bf5 31. Be2 Re7+ 32. Kf2 Bg4 33. Bxg4 Rxe1 34. Kxe1 hxg4 35. Ke2 Ke6 36. Ke3 c5 37. Ke4 f5+ 38. Ke3 Kd5 39. Kd3 Kc6 40. Ke3 c4 41. Kd2 Kc5 42. Ke2 Kb6 43. Kd2 Kc6 44. Ke2 Kd5 45. Ke3 b6 46. Kd2 Ke4 47. Ke2 b4 0-1

[Event "Early-Titled-Tuesday-Blitz-June-18-2024"]
[Site "Chess.com"]
[Date "2024.06.18"]
[Round "2"]
[White "Manukyan_Artak"]
[Black "bascheyaro"]
[Result "0-1"]
[WhiteElo "2489"]
[BlackElo "2802"]
[TimeControl "180+1"]
[EndTime "8:19:01 PDT"]
[Termination "bascheyaro won on time"]

1. e4 e6 2. d4 d5 3. e5 c5 4. c3 Qb6 5. Nf3 Bd7 6. a3 Bb5 7.
c4 Bxc4 8. Bxc4 dxc4 9. Nbd2 Nc6 10. Nxc4 Qa6 11. Qe2 Nxd4 12. Nxd4 cxd4 13. O-O Rc8 14. b3 b5 15. Nd6+ Bxd6 16. exd6 Nf6 17. Bg5 Nd5 18. Qe5 Rg8 19. Rfe1 Kd7 20. Qxd4 Qb6 21. Qh4 h6 22. Be7 g5 23. Qxh6 Rc2 24. Rf1 Nxe7 25. dxe7 Kxe7 26. Qh7 Rgc8 27. Qg7 Qc5 28. Rad1 Qf5 29. Qd4 a5 30.
Qd6+ Kf6 31. Rd3 Kg6 32. Rf3 Qc5 33. Qd3+ f5 34. Re1 Rc1 35. Re3 Rxe1+ 36. Rxe1 Qc6 37. h4 gxh4 38. Qh3 Qc3 39. Rxe6+ Kg5 40. Qxc3 Rxc3 41.
Ra6 Rxb3 42. Rxa5 h3 43. gxh3 Rxh3 44. Kg2 Rb3 45. Ra8 Kf4 46. Rb8 Ke4 47. Rb6 f4 48. Rb8 Kd5 49. Ra8 Kc5 50. Kh2 Rd3 0-1

[Event "Early-Titled-Tuesday-Blitz-June-18-2024"]
[Site "Chess.com"]
[Date "2024.06.18"]
[Round "2"]
[White "Weifd"]
[Black "Nf3c5"]
[Result "1-0"]
[WhiteElo "2410"]
[BlackElo "2603"]
[TimeControl "180+1"]
[EndTime "8:19:01 PDT"]
[Termination "Weifd won on time"]

1. e4 c5 2. Nf3 Nc6 3. Bb5 e6 4. O-O Nge7 5. d4 cxd4 6. Nxd4 Qb6 7. Nxc6 Qxb5 8. Nd4 Qb6 9. Nc3 a6 10. Be3 Qa5 11.
Qd2 Nc6 12. Rad1 Bb4 13. Nxc6 bxc6 14. Bd4 O-O 15. a3 Bxc3 16. Bxc3 Qh5 17. f4 f5 18. exf5 Qxf5 19. Rf3 Rf7 20. Rg3 a5 21. Qd4 e5 22.
fxe5 Ba6 23. h3 Qe6 24. Qd6 Bc4 25. Qxe6 Bxe6 26. a4 h6 27. b3 Kh7 28. Rf1 g5 29.
Rd3 Kg6 30. Rxf7 Kxf7 31. Rf3+ Kg7 32. Kf2 h5 33. Ke3 g4 34. hxg4 hxg4 35. Rf6 c5 36.
g3 Kg8 37. Kd3 Ra6 38. Rxe6 Rxe6 39. Kc4 d6 40. exd6 Rxd6 41. Bxa5 Rf6 42. Kxc5 Rf3 43. Bc7 Rc3+ 44. Kb6 Rxc2 45. b4 Kf7 46. a5 Ke8 47. a6 Kd7 48. a7 Rc6+ 49. Kb5 Rxc7 50. a8=Q Ke7 51. Qe4+ Kf7 52. Qf4+ 1-0

[Event "Early-Titled-Tuesday-Blitz-June-18-2024"]
[Site "Chess.com"]
[Date "2024.06.18"]
[Round "2"]
[White "HamedWafa4"]
[Black "DenLaz"]
[Result "1-0"]
[WhiteElo "2688"]
[BlackElo "3087"]
[TimeControl "180+1"]
[EndTime "8:19:02 PDT"]
[Termination "HamedWafa4 won on time"]

1. d4 f5 2. Nc3 Nf6 3. Bg5 d5 4. Bxf6 exf6 5. e3 Be6 6. h4 Nc6 7. h5 Qd7 8. Nge2 Ne7 9. Nf4 Bf7 10. Bd3 O-O-O 11. Qd2 Kb8 12. O-O-O Nc8 13. Kb1 Bb4 14. a3 Ba5 15. b4 Bb6 16. Nce2 Nd6 17. Qc3 g5 18. hxg6 hxg6 19. Rxh8 Rxh8 20. Ng3 g5 21.
Nfe2 Ne4 22. Bxe4 fxe4 23. Nc1 c6 24. Nb3 Bc7 25. Nc5 Qc8 26. a4 b6 27. Nb3 Bd6 28. a5 f5 29. axb6 axb6 30. Kb2 f4 31. Ne2 Bh5 32. Re1 Kb7 33. Qd2 f3 34. gxf3 exf3 35. Nec1 g4 36. Nd3 g3 37. fxg3 Bxg3 38. Ra1 Kb8 39. b5 Bd6 40. Nb4 cxb5 41. Nxd5 Qb7 42.
e4 Bg6 43. Qe3 Re8 44. Nf6 Rc8 45. Qxf3 Qc6 46. Rc1 Rf8 47. Rf1 b4 48. e5 Qxc2+ 49. Ka1 Be7 50. Nd7+ Kc7 51. Nxf8 Bxf8 52. Rc1 1-0

[Event "Early-Titled-Tuesday-Blitz-June-18-2024"]
[Site "Chess.com"]
[Date "2024.06.18"]
[Round "2"]
[White "DominguezOnYoutube"]
[Black "becemix"]
[Result "1-0"]
[WhiteElo "2905"]
[BlackElo "2621"]
[TimeControl "180+1"]
[EndTime "8:19:02 PDT"]
[Termination "DominguezOnYoutube won on time"]

1. e4 e5 2. Nf3 Nc6 3. Bb5 a6 4. Ba4 d6 5. O-O Bg4 6. h3 h5 7. c3 Qf6 8. d3 Bxf3 9. Qxf3 Qxf3 10. gxf3 Ne7 11. f4 exf4 12. Bxf4 Ng6 13. Be3 Be7 14.
f4 O-O-O 15. d4 Nh4 16. f5 Rdg8 17. Bb3 Nd8 18. Kh2 Bf6 19. Nd2 g5 20. fxg6 Rxg6 21. Rg1 Rhg8 22. Rxg6 Rxg6 23. Rg1 Rxg1 24. Kxg1 Ne6 25.
Bd1 Ng7 26. Kf2 Kd8 27. a4 Ng6 28. Nf3 Ne6 29. Kg3 c5 30. a5 cxd4 31. cxd4 Kc8 32. b4 Bd8 33. Bb3 Bf6 34. Bc2 Be7 35. d5 Ng7 36. Bd4 Ne8 37. Bd1 Bf6 38. Be3 Ne5 39.
Nxe5 Bxe5+ 40. Kh4 Nf6 41. Bxh5 Nxh5 42. Kxh5 Bc3 43.
Kg5 Bxb4 44. Bb6 Bd2+ 45. Kf6 Kd7 46. Kxf7 Bf4 47. h4 Bd2 48. h5 Be3 49. Kg7 1-0

[Event "Early-Titled-Tuesday-Blitz-June-18-2024"]
[Site "Chess.com"]
[Date "2024.06.18"]
[Round "2"]
[White "Sondremelaa"]
[Black "baki83"]
[Result "1-0"]
[WhiteElo "2603"]
[BlackElo "2829"]
[TimeControl "180+1"]
[EndTime "8:19:02 PDT"]
[Termination "Sondremelaa won on time"]

1. e4 c5 2. Nf3 d6 3. d4 cxd4 4. Nxd4 Nf6 5. Nc3 Nc6 6. Bg5 e6 7. Qd2 a6 8. O-O-O Bd7 9. Kb1 Be7 10. Nxc6 Bxc6 11. f3 Qc7 12. Ne2 Rc8 13. Nd4 Bxe4 14. fxe4 Nxe4 15. Qe3 Nxg5 16. h4 e5 17. hxg5 exd4 18.
Qe4 d5 19. Qd3 Bxg5 20. Rxh7 Rxh7 21. Qxh7 g6 22. Bd3 Be3 23. Rf1 Qe7 24. Rxf7 Qxf7 25. Bxg6 Qxg6 26. Qxg6+ Kd7 27. Qf7+ Kc6 28. Qe6+ Kc7 29.
Qxd5 Kb8 30. a4 Ka8 31. g4 Rc6 32. Qe4 Rc8 33. c3 Rd8 34. cxd4 Bxd4 35. g5 Ka7 36. g6 Rd7 37. Qe6 Rc7 38. Qd5 Bg7 39. Qd6 Rc6 40. Qd3 Rb6 41. Qe3 a5 42. Ka2 Ka6 43. b3 Ka7 44. Qc5 Ka6 45. Qc4+ Ka7 46. Qe4 Rc6 47. Qd3 Rf6 48. Ka3 Rf7 49. gxf7 Bf8+ 50. Ka2 Ka8 51. Qd8+ 1-0

[Event "Early-Titled-Tuesday-Blitz-June-18-2024"]
[Site "Chess.com"]
[Date "2024.06.18"]
[Round "2"]
[White "GMAkobianSTL"]
[Black "Shuvalov"]
[Result "0-1"]
[WhiteElo "2825"]
[BlackElo "2601"]
[TimeControl "180+1"]
[EndTime "8:19:02 PDT"]
[Termination "Shuvalov won by checkmate"]

1. d4 Nf6 2. c4 g6 3. Nc3 d5 4. Nf3 Bg7 5. Bf4 O-O 6. Rc1 Be6 7. c5 c6 8. e3 Bc8 9. h3 Nbd7 10. b4 b6 11. Bd3 a5 12. a3 axb4 13. axb4 Ba6 14.
Bxa6 Rxa6 15. b5 cxb5 16. c6 Nc5 17. dxc5 bxc5 18. c7 Qd7 19. Ne5 Qxc7 20. Nxg6 Qa5 21. Nxe7+ Kh8 22. O-O Rd8 23. Nf5 d4 24. Nxg7 dxc3 25.
Qf3 Kxg7 26. Be5 b4 27. Ra1 Qxa1 28. Bxf6+ Rxf6 29. Qg3+ Rg6 30. Qe5+ Kg8 31. Rxa1 c2 32. Kh2 b3 33. Qxc5 b2 34. Qa5 Rf8 35. Qe1 bxa1=Q 36.
Qxa1 Rc8 37. Qc1 Rb6 38. e4 h6 39. Qe3 Rd6 40. Qg3+ Rg6 41. Qf4 c1=Q 42. Qf5 Qc7+ 43.
e5 Re8 44. f4 Qe7 45. g4 Qe6 46. Qe4 Rc8 47. f5 Qa2+ 48. Kg3 Rc3+ 49. Kh4 Qf2+ 50.
Kh5 Rxh3# 0-1

[Event "Early-Titled-Tuesday-Blitz-June-18-2024"]
[Site "Chess.com"]
[Date "2024.06.18"]
[Round "2"]
[White "noblerone"]
[Black "N_I_Chess"]
[Result "0-1"]
[WhiteElo "2519"]
[BlackElo "2326"]
[TimeControl "180+1"]
[EndTime "8:19:02 PDT"]
[Termination "N_I_Chess won on time"]

1. d4 Nf6 2. Nf3 d5 3. Bg5 e6 4. e3 h6 5. Bh4 Bd6 6. Ne5 O-O 7. Nd2 c5 8. c3 Nbd7 9. f4 Qc7 10. Bd3 b6 11. O-O a5 12. Qe2 Bb7 13. g4 Ne4 14. Ndf3 a4 15. a3 f6 16. Ng6 Rf7 17. Bg3 Nxg3 18.
hxg3 Re8 19. Bb5 Bc6 20. Nfh4 e5 21. fxe5 Bxb5 22. Qxb5 fxe5 23. Rxf7 Kxf7 24. Rf1+ Kg8 25. Qxa4 exd4 26. exd4 Bxg3 27. Nf5 Nf6 28. Qc6 Qxc6 29. Nfe7+ Kh7 30. Nxc6 Kxg6 31. dxc5 bxc5 32. a4 Re2 33. Rf3 Bc7 34. b4 cxb4 35. cxb4 Nxg4 36. a5 Ra2 37. Ne7+ Kg5 38. Nxd5 Be5 39. Rd3 h5 40. Nc3 Ra1+ 41. Kg2 Bxc3 42. Rxc3 h4 43. Rc5+ Kf4 44. Rc4+ Kf5 45.
Rc5+ Ne5 0-1

[Event "Early-Titled-Tuesday-Blitz-June-18-2024"]
[Site "Chess.com"]
[Date "2024.06.18"]
[Round "2"]
[White "stolencandy13"]
[Black "tptagain"]
[Result "0-1"]
[WhiteElo "2630"]
[BlackElo "2934"]
[TimeControl "180+1"]
[EndTime "8:19:03 PDT"]
[Termination "tptagain won by resignation"]

1. d4 d5 2. Bf4 c5 3. e3 Nc6 4. c3 e6 5. Nd2 Nf6 6. Bd3 Bd6 7. Bxd6 Qxd6 8. f4 c4 9. Bc2 b5 10. a3 a5 11. Ngf3 O-O 12. O-O Bd7 13. Ne5 b4 14. a4 Rfb8 15. Rf3 Be8 16. Rh3 g6 17.
Qe1 Qd8 18. Qh4 Nh5 19. Qg4 Ng7 20. Ndf3 bxc3 21. bxc3 Rb2 22. Rc1 Rab8 23. Ng5 h5 24. Qg3 Rxc2 25. Rxc2 Rb1+ 26. Kf2 Nf5 27. Qf3 Nxe5 28.
dxe5 Nh6 29. Rg3 Qb6 30. Qe2 Bxa4 31. Rd2 Bb3 32. Nf3 Nf5 33. Rg5 a4 34. Nd4 Nxd4 35.
exd4 Kf8 36. g4 hxg4 37. Qxg4 Qa5 38. Qh4 Qxc3 39. Qh8+ Ke7 40. Qf6+ Ke8 41. Qh8+ Kd7 42. Re2 Qxd4+ 43. Kg2 Rg1+ 44. Kh3 Qd3+ 45. Kh4 Rxg5 46. Kxg5 Qxe2 47. Qa8 Kc7 48. Qa7+ Kc6 49. Qa8+ Kc5 50. Qa7+ Kb4 51. Qxf7 Qg2+ 52. Kf6 Qg4 53. Qe7+ Kc3 54.
Qxe6 Qxe6+ 55. Kxe6 a3 56. Kd6 a2 57. e6 a1=Q 58.
e7 Qa8 59. Kd7 Ba4+ 60. Ke6 Qe8 61. Kf6 Bd7 0-1

[Event "Early-Titled-Tuesday-Blitz-June-18-2024"]
[Site "Chess.com"]
[Date "2024.06.18"]
[Round "2"]
[White "Kopytkin"]
[Black "KuzubovYuriy"]
[Result "0-1"]
[WhiteElo "2427"]
[BlackElo "2864"]
[TimeControl "180+1"]
[EndTime "8:19:03 PDT"]
[Termination "KuzubovYuriy won on time"]

1. d4 Nf6 2. Bg5 d5 3. e3 c5 4.
c3 e6 5. Nd2 h6 6. Bh4 Nc6 7.
Bd3 Qb6 8. Qb3 c4 9. Qxb6 axb6 10. Bc2 b5 11. Ne2 b4 12. Bxf6 gxf6 13. e4 bxc3 14.
bxc3 Bd6 15. a4 Ne7 16. O-O Bd7 17. f4 f5 18. exd5 exd5 19. Nf3 Ng6 20. Ne5 Be6 21. Rab1 Ra7 22. Rb6 Ke7 23. Rfb1 Bc8 24. Nxf7 Kxf7 25. Rxd6 Re8 26. Kf2 Be6 27. Kf3 Re7 28. g3 Nf8 29. Rdb6 Nh7 30. Ng1 Nf6 31. Kg2 Ne4 32.
Bxe4 dxe4 33. Kf2 Rxa4 34. Rxb7 Bd5 35. Rxe7+ Kxe7 36. Ke3 h5 37. Ne2 Kd7 38. Rb6 Ra1 39.
Rh6 Rd1 40. Rh7+ Ke6 41. Rh6+ Kf7 42. Rh7+ Kg6 43. Rd7 Rd3+ 44. Kf2 e3+ 45. Ke1 Bf3 46. Re7 Kf6 47. Re5 Be4 48. d5 Bxd5 49. Nd4 Be4 0-1

[Event "Early-Titled-Tuesday-Blitz-June-18-2024"]
[Site "Chess.com"]
[Date "2024.06.18"]
[Round "2"]
[White "Slovineanu"]
[Black "rionelG"]
[Result "1-0"]
[WhiteElo "2543"]
[BlackElo "2350"]
[TimeControl "180+1"]
[EndTime "8:19:03 PDT"]
[Termination "Slovineanu won by checkmate"]

1. d4 Nf6 2. Nf3 g6 3. Nbd2 d5 4. e3 Bg7 5. b4 O-O 6. c4 c6 7.
a4 e5 8. Nxe5 Nbd7 9. Nxd7 Bxd7 10. Be2 dxc4 11. Nxc4 Ne4 12. Bb2 Qe7 13. O-O Rfe8 14.
Rb1 Be6 15. Ba1 Bd5 16. Qc2 Bh6 17. Bf3 Rad8 18. Ne5 f6 19. Bxe4 fxe5 20. Bxd5+ Rxd5 21. dxe5 Red8 22. Rfd1 Rxd1+ 23. Rxd1 Rxd1+ 24. Qxd1 Qxb4 25. Qd8+ Bf8 26. Qd1 c5 27. Qd5+ Kg7 28. e6+ Kh6 29. Qd1 c4 30. Be5 Qc5 31. Qd4 g5 32. h4 Qxd4 33.
hxg5+ Kxg5 34. Bxd4 Kf5 35. Kf1 Kxe6 36. Bxa7 Kd5 37.
Ke2 Bb4 38. f3 Bc3 39. e4+ Ke5 40. Be3 Bb2 41. Kd1 h5 42. Kc2 Bd4 43. Bxd4+ Kxd4 44.
Kd2 h4 45. Kc2 Ke3 46. e5 Kf2 47. e6 Kxg2 48. e7 h3 49. e8=Q h2 50. Qg6+ Kxf3 51. Qh5+ Kg2 52. Qg4+ Kf1 53. Qh3+ Kg1 54. Qg3+ Kh1 55.
Qf2 b6 56. Qf1# 1-0

[Event "Early-Titled-Tuesday-Blitz-June-18-2024"]
[Site "Chess.com"]
[Date "2024.06.18"]
[Round "2"]
[White "talaicito"]
[Black "ImportedItalianMaple"]
[Result "0-1"]
[WhiteElo "2255"]
[BlackElo "2500"]
[TimeControl "180+1"]
[EndTime "8:19:03 PDT"]
[Termination "ImportedItalianMaple won by resignation"]

1. d4 g6 2. e4 Bg7 3. Nc3 d5 4. exd5 Nf6 5. Bc4 Nbd7 6. Bg5 Nb6 7. Bxf6 Bxf6 8. Bb3 a5 9. a4 c6 10. dxc6 Qxd4 11. Qxd4 Bxd4 12. cxb7 Bxb7 13. Nf3 Bxf3 14. gxf3 Bxc3+ 15. bxc3 Rc8 16. Rd1 Rxc3 17. Rd3 Rxd3 18. cxd3 e6 19. Kd2 Kd7 20. Rc1 Rc8 21. Rxc8 Nxc8 22. f4 Kd6 23. Kc3 Kc5 24. Bc4 Nb6 25.
d4+ Kd6 26. Bb3 h5 27. Kd3 Kc6 28. Ke4 Kd6 29. h3 Nd7 30. Bc4 Nf6+ 31. Kd3 Ne8 32. Ke4 Ng7 33. Bb5 Nf5 34. Kd3 h4 35. Be8 Ke7 36.
Bc6 Nd6 37. d5 Nc8 38. Kd4 exd5 39. Kxd5 f6 40. Kc5 g5 41. fxg5 fxg5 42. Kb5 Kd6 43. Bf3 Ne7 44. Kxa5 Kc5 45. Ka6 Nf5 46. a5 Nd4 47.
Bg2 Nb3 48. Be4 Kb4 49. Kb6 Nxa5 50. f3 Nb3 51. Kc6 Nd2 52. Bd5 Kc3 53. Kd6 Kd4 54. Ke6 Ke3 55. Kf5 Nxf3 56. Bxf3 Kxf3 57. Kxg5 Kg3 58. Kf5 Kxh3 59. Ke4 Kg2 60. Kf4 h3 0-1

[Event "Early-Titled-Tuesday-Blitz-June-18-2024"]
[Site "Chess.com"]
[Date "2024.06.18"]
[Round "2"]
[White "whiteglovethief"]
[Black "GMthekingindian"]
[Result "1/2-1/2"]
[WhiteElo "2543"]
[BlackElo "2368"]
[TimeControl "180+1"]
[EndTime "8:19:04 PDT"]
[Termination "Game drawn - insufficient material"]

1. d4 d5 2. c4 e6 3. Nf3 Nf6 4. g3 Be7 5. Bg2 O-O 6. O-O dxc4 7. Qc2 a6 8. a4 c5 9. dxc5 Qa5 10. Na3 Qxc5 11.
Be3 Qb4 12. Nxc4 Nbd7 13. a5 Nd5 14. Bd4 Nc5 15. Nfe5 f6 16. Bxc5 Qxc5 17. Nd3 Qc7 18. Qb3 Rd8 19. e4 b5 20. axb6 Nxb6 21. Nxb6 Rb8 22. Rac1 Qxb6 23. Qxb6 Rxb6 24. Rfd1 e5 25. Rc7 Kf8 26. Rdc1 Be6 27. Bf1 Rb3 28. R7c6 Bf7 29. Rc8 Ke8 30. Rxd8+ Kxd8 31. Nc5 Bxc5 32. Rxc5 Rxb2 33.
Bxa6 Be8 34. Kg2 Ke7 35. Rc7+ Bd7 36. Bc8 Rd2 37. Kf3 Kd8 38. Rxd7+ Rxd7 39. Bxd7 Kxd7 40. Kg4 g6 41. f4 Ke6 42. h4 f5+ 43. Kf3 fxe4+ 44. Kxe4 exf4 45. Kxf4 Kf6 46. g4 h6 47.
Ke4 Ke6 48. Kd4 Kf6 49. Kd5 h5 50. g5+ Kf5 51. Kd6 Kg4 52. Ke6 Kxh4 53. Kf6 Kg4 54. Kxg6 h4 55. Kf7 h3 56. g6 h2 57. g7 h1=Q 58. g8=Q+ Kh3 59. Qh7+ Kg2 60. Qxh1+ Kxh1 1/2-1/2